 Dungeon Crawl Stone Soup version 0.20-a0-9-g62d82d9 (webtiles) character file.

454 Firebatgyro the Skirmisher (level 6, -1/44 HPs)
             Began as a High Elf Wanderer on Nov 1, 2016.
             Was an Initiate of Dithmenos.
             Splashed by a jelly's acid (3 damage)
             ... on level 6 of the Dungeon.
             The game lasted 00:06:44 (4227 turns).

Firebatgyro the Skirmisher (High Elf Wanderer)      Turns: 4227, Time: 00:06:44

Health: -1/44      AC: -4    Str: 12    XL:     6   Next: 76%
Magic:  7/7        EV: 13    Int: 15    God:    Dithmenos [......]
Gold:   285        SH:  0    Dex: 17    Spells: 0 memorised, 5 levels left

rFire  . . .     SeeInvis .     g - +1 short sword
rCold  + . .     Gourm    .     b - +0 ring mail
rNeg   . . .     Faith    .     (no shield)
rPois  .         Spirit   .     x - +0 helmet
rElec  .         Reflect  .     (no cloak)
rCorr  .         Harm     .     (no gloves)
MR     +....                    q - +0 pair of boots
Stlth  ++........               (no amulet)
                                u - ring of protection from magic
                                n - ring of protection from cold

@: corroded
A: no striking features
a: Renounce Religion


You were on level 6 of the Dungeon.
You worshipped Dithmenos.
Dithmenos was noncommittal.
You were not hungry.

You visited 1 branch of the dungeon, and saw 6 of its levels.

You collected 285 gold pieces.

Inventory:

Hand Weapons
 a - a +2 hand axe
 g - a +1 short sword (weapon)
Missiles
 e - a throwing net
 h - 8 tomahawks
 k - 2 exploding tomahawks (quivered)
 s - 4 javelins
Armour
 b - a +0 ring mail (worn)
 q - a +0 pair of boots (worn)
 x - a +0 helmet (worn)
Jewellery
 n - a ring of protection from cold (left hand)
 u - a ring of protection from magic (right hand)
 w - an uncursed ring of wizardry
Scrolls
 c - 2 scrolls of teleportation
 i - 2 scrolls of identify
 j - a scroll of enchant weapon
 l - a scroll of immolation {unknown}
 o - 4 scrolls of enchant armour {unknown}
Potions
 p - a potion of magic {unknown}
 r - 3 potions of curing {unknown}
 v - a potion of berserk rage {unknown}
 A - a potion of ambrosia {unknown}
Books
 m - a book of Changes

   Spells                             Type                      Level
   a - Beastly Appendage              Transmutation                1
   b - Sticks to Snakes               Transmutation                2
   c - Spider Form                    Transmutation/Poison         3
   d - Ice Form                       Ice/Transmutation            4
   e - Blade Hands                    Transmutation                5
Comestibles
 d - 4 bread rations
 t - 2 meat rations
 z - a royal jelly


   Skills:
 - Level 4.4 Fighting
 + Level 4.3 Short Blades
 - Level 1.5 Axes
 - Level 1.0 Throwing
 - Level 2.6 Armour
 + Level 4.3 Dodging
 + Level 3.6 Stealth
   Level 1.0 Evocations


You had 5 spell levels left.
You didn't know any spells.

Dungeon Overview and Level Annotations

Branches:
Dungeon (6/15)
 Temple: D:4-7

Altars:
Dithmenos
Qazlal


Message History

The jelly is severely wounded.
The jelly closely misses you.
You hit the jelly.
Your hands burn!
The jelly is severely wounded.
The jelly hits you.
You are splashed with acid!
The acid burns!
* * * LOW HITPOINT WARNING * * *
You hit the jelly.
Your hands burn!
* * * LOW HITPOINT WARNING * * *
The jelly is almost dead.
You hear the hiss of a distant avalanche of sand.
The jelly barely misses you.
You hit the jelly but do no damage.
Your hands burn!
* * * LOW HITPOINT WARNING * * *
The jelly is almost dead.
You hit the jelly but do no damage.
Your hands burn!
* * * LOW HITPOINT WARNING * * *
The jelly is almost dead.
The jelly barely misses you.
You hit the jelly but do no damage. The acid corrodes you!
Your hands burn!
You die...

,,,,*.....................#......
,,,,*,....................#<.....
,,,,*,,...................'......
,,,,****#..###..###..####.#......
***,,,,,#..###..###..#**#.###....
,,*,,,,,#.........#....,#..,#....
,,*,,,,,#.........#.....#...#....
,,*,,,,,#.........#.....#...#....
,,,,,,,,#.######@##.....#...#....
********#*#.....J.####......#....
#.........,,.##########
#...........,* #..........(.#
#............#
******#..........l.#*
*,,,,,..#...........*
*,,,,,,,**,,,,,,,,,,*


You could see a jelly and a leopard gecko (sleeping).

Vanquished Creatures
  2 ogres (D:5)
  A howler monkey (D:4)
  A bullfrog zombie (D:6)
  2 worker ants (D:4)
  5 adders
  A gnoll (D:4)
  2 oozes
  An adder skeleton (D:4)
  4 worms
  A dart slug (D:1)
  2 leopard geckos (D:1)
  An orc (D:4)
  6 bats
  6 giant cockroaches
  6 hobgoblins
  4 jackals (D:4)
  2 ball pythons (D:4)
  13 frilled lizards
  7 goblins
  10 kobolds
  A leopard gecko skeleton (D:4)
  8 rats
86 creatures vanquished.

Notes
Turn   | Place    | Note
-------+----------+-------------------------------------------
     0 | D:1      | Firebatgyro the High Elf Wanderer began the quest for the Orb.
     0 | D:1      | Firebatgyro set off with: a +2 hand axe, a +0 ring mail, a scroll of teleportation, a bread ration
     0 | D:1      | Reached XP level 1. HP: 17/17 MP: 2/2
    38 | D:1      | Reached XP level 2. HP: 6/22 MP: 3/3
   387 | D:1      | Reached skill level 1 in Dodging
   481 | D:1      | Reached XP level 3. HP: 23/27 MP: 4/4
  1094 | D:2      | Reached skill level 1 in Short Blades
  1278 | D:2      | Reached XP level 4. HP: 34/34 MP: 5/5
  1815 | D:2      | Found a shadowy altar of Dithmenos.
  1883 | D:2      | Became a worshipper of Dithmenos the Shadowed
  2291 | D:4      | Reached skill level 1 in Stealth
  2291 | D:4      | Reached XP level 5. HP: 23/38 MP: 6/6
  3130 | D:5      | Entered Level 5 of the Dungeon
  3217 | D:5      | Noticed an ogre
  3217 | D:5      | Found a stormy altar of Qazlal.
  3777 | D:5      | Noticed an ogre
  3778 | D:5      | Noticed an ogre
  3807 | D:5      | Killed an ogre
  3807 | D:5      | Reached XP level 6. HP: 20/44 MP: 7/7
  3994 | D:5      | Noticed a sky beast
  4226 | D:6      | HP: 2/44 [acid (2)]
  4227 | D:6      | Splashed by a jelly's acid

Vault maps used:
D:1:      dpeg_arrival_rooms_with_view
D:2:      nicolae_dithmenos_through_a_glass_darkly
D:3:      uniq_sigmund
D:4:      first_bread
D:5:      hangedman_feature_mirror
D:6:      nicolae_ossuary_entry_catacombs, okawaru_gym_becter

Skill      XL: |  1  2  3  4  5  6 |
---------------+-------------------+-----
Dodging        | 1 2 3 4 |  4.3
Short Blades   | 1 3 4 |  4.3
Stealth        | 1 3 |  3.6
Fighting       | |  4.4
Axes           | |  1.5
Throwing       | |  1.0
Armour         | |  2.6
Evocations     | |  1.0

Action                   |  1- 3 |  4- 6 || total
-------------------------+-------+-------++-------
Melee: Hand axe          |   101 |   126 ||   227
       Short sword       |       |    49 ||    49
Throw: Tomahawk          |       |     7 ||     7
  Use: Scroll            |       |     6 ||     6
  Eat: Chunk             |     1 |     6 ||     7
       Bread ration      |       |     1 ||     1
Armor: Ring mail         |    44 |    63 ||   107
Dodge: Dodged            |    66 |   134 ||   200
